 Dungeon Crawl Stone Soup version 0.27-a0-828-g8289197e94 (webtiles) character file.

Game seed: 1699521218497700784

21 srzhan31 the Magician (level 2, -11/21 HPs)
             Began as a Djinni Summoner on Mar 30, 2021.
             Shot with an arrow by a centaur (12 damage)
             ... on level 2 of the Dungeon.
             The game lasted 00:04:02 (2221 turns).

srzhan31 the Magician (Djinni Summoner)             Turns: 2221, Time: 00:04:02

Health: -11/21     AC:  3    Str:  7    XL:     2   Next: 87%
Gold:   22         EV: 12    Int: 16    God:
                   SH:  0    Dex: 13

rFire    + + .     SeeInvis .   (no weapon)
rCold    x . .     Faith    .   (no shield)
rNeg     . . .     Spirit   .   a - +0 robe
rPois    ∞         Reflect  .   f - +0 helmet
rElec    .         Harm     .   (no cloak)
rCorr    .         Rampage  .   (no gloves)
Will     .....                  (boots unavailable)
Stlth    ++........             (no amulet)
HPRegen  0.07/turn              (no ring)
MPRegen  0.00/turn              (no ring)

@: flying
A: fire resistance 2, cold vulnerability 1, float, innate caster, hp casting,
extra vitality 1
a: no special abilities


You were on level 2 of the Dungeon.
You visited 1 branch of the dungeon, and saw 2 of its levels.

You collected 22 gold pieces.

Inventory:

Armour
 a - a +0 robe (worn)
 f - a +0 helmet (worn)
Scrolls
 b - a scroll of magic mapping {unknown}
 c - a scroll of amnesia {unknown}
 g - a scroll of blinking {unknown}
 h - a scroll of identify {unknown}
Potions
 d - 2 potions of heal wounds {unknown}
 e - a potion of invisibility {unknown}


   Skills:
 + Level 2.1 Dodging
 + Level 1.5 Stealth
 + Level 4.2 Spellcasting


You couldn't memorise any spells.
You knew the following spells:

 Your Spells              Type           Power      Damage    Failure   Level
a - Summon Small Mammal   Summ           68%        N/A       2%          1
b - Call Imp              Summ           17%        N/A       4%          2
c - Call Canine Familiar  Summ           17%        N/A       9%          3
d - Summon Guardian Gole  Hex/Summ       17%        N/A       9%          3
e - Summon Lightning Spi  Summ/Air       17%        N/A       28%         4
f - Summon Ice Beast      Ice/Summ       17%        N/A       28%         4
Your spell library was empty.

Dungeon Overview and Level Annotations

Branches:
Dungeon (2/15)

Altars:


Innate Abilities, Weirdness & Mutations

You are immune to poison.
Your flesh is very heat resistant. (rF++)
You are vulnerable to cold. (rC-)
You float through the air rather than walking.
You learn spells naturally, not from books.
Your magical power is your life essence.
You have superior vitality. (+4 HP)


Message History

The bat dies!
An arrow appears from out of your range of vision.
The arrow hits your crimson imp!
Your shadow imp gestures at the rat.
The rat writhes in agony!
The rat dies!
Your shadow imp disappears in a puff of smoke!
A centaur comes into view. It is wielding a +0 shortbow.
Casting: Call Imp (safe; 4% risk of failure)
Confirm with . or Enter, or press ? or * to list all spells.
A shadowy apparition takes form in the air.
Your crimson imp disappears in a puff of smoke!
Unknown command.
Casting: Call Imp (safe; 4% risk of failure)
Confirm with . or Enter, or press ? or * to list all spells.
A beastly little devil appears in a puff of frigid air.
* * * LOW HITPOINT WARNING * * *
The centaur shoots an arrow.
The arrow completely misses your crimson imp.
The arrow hits you.
* * * LOW HITPOINT WARNING * * *
The centaur shoots an arrow.
The arrow hits your crimson imp!
Your magical contamination has completely faded away.
What are your orders? t - Shout!
Orders for allies: a - Attack new target. r - Retreat! s - Stop attacking. g - Guard the area. f - Follow me.
Anything else - Cancel.
Gang up on whom?
Press: ? - help, Dir - move target, f - centaur
Aim: a centaur, wielding a +0 shortbow and quivering arrows (ally target) Attack!
Your crimson imp disappears in a puff of smoke!
Unknown command.
Your crimson imp disappears in a puff of smoke!
The centaur shoots an arrow.
The arrow barely misses you.
The centaur shoots an arrow.
The arrow hits you!
Ouch! That really hurt!
You die...

... ...# ....##
# ...... .#
......####.#
...........####
..#...5........
......5@#
.##.5..........
##.§.#####...
#... .c...
.###.. # ..#
#.#


You could see a centaur (ally target), a friendly white imp (summoned) and 2
friendly shadow imps.

Vanquished Creatures (collateral kills)
  A gnoll (D:1)
  A dart slug (D:1)
  5 endoplasms
  A goblin (D:1)
  2 hobgoblins (D:1)
  A kobold (D:1)
  3 ball pythons (D:1)
  3 bats
  2 frilled lizards (D:1)
  5 rats
24 creatures vanquished.

Notes
Turn   | Place    | Note
-------+----------+-------------------------------------------
     0 | D:1      | srzhan31 the Djinni Summoner began the quest for the Orb.
     0 | D:1      | Reached XP level 1. HP: 15/15 MP: 0/0
   904 | D:1      | Reached XP level 2. HP: 10/21 MP: 0/0
  1268 | D:1      | Reached skill level 4 in Spellcasting
  2217 | D:2      | Noticed a centaur
  2219 | D:2      | HP: 1/21 [centaur/arrow (5)]
  2221 | D:2      | Shot with an arrow by a centaur

Illustrated notes

Levels and vault maps discovered:
D:1:      onia_arrival_mini_maze, layout_rooms, st_stairs_2
D:2:      layout_rooms, serial_undead, serial_undead_f, serial_undead_d,
          serial_undead_c, serial_undead_b, serial_undead_a, serial_undead_f,
          serial_shops, shop_statue, bloody_makhleb

Skill      XL: |  1  2 |
---------------+-------+-----
Spellcasting   | 4 |  4.2
Dodging        | |  2.1
Stealth        | |  1.5

Action                   || total
-------------------------++-------
 Cast: Summon Small Mamm ||    35
       Call Imp          ||    30
Dodge: Dodged            ||     7

Table legend: (Time is in decaauts)
 A = Elapsed time spent in this place.
 B = Non-inter-level travel time spent in this place.
 C = Inter-level travel time spent in this place.
 D = Time resting spent in this place.
 E = Time spent auto-exploring this place.
 F = Levels seen in this place.
 G = Mean time per level.
                   A        B        C        D        E       F      G
               +--------+--------+--------+--------+--------+-----+--------+
         Total |   2220 |   2176 |     44 |      0 |   1921 |   2 | 1110.0 |
       Dungeon |   2220 |   2176 |     44 |      0 |   1921 |   2 | 1110.0 |
               +--------+--------+--------+--------+--------+-----+--------+

Top non-repeatable levels by time:
     D:1: 2210 daAuts
     D:2: 10 daAuts
